 Dungeon Crawl Stone Soup version 0.32-a0-868-g153ae1a8d6 (webtiles) character file.

Game seed: 10293398990293577926

656 Frost42 the Cudgeller (level 7, -3/57 HPs)
             Began as a Mountain Dwarf Artificer on Mar 28, 2024.
             Was an Initiate of Okawaru.
             Slain by seawaffle's ghost (10 damage)
             ... on level 4 of the Dungeon.
             The game lasted 00:22:01 (4996 turns).

Frost42 the Cudgeller (Mountain Dwarf Artificer)    Turns: 4996, Time: 00:22:01

Health: -3/57      AC:  8    Str: 15    XL:     7   Next: 29%
Magic:  7/7        EV: 10    Int: 11    God:    Okawaru [......]
Gold:   172        SH:  0    Dex: 24    Spells: 6/6 levels left

rFire   . . .        g - +0 mace
rCold   . . .        (no shield)
rNeg    . . .        f - +0 ring mail
rPois   .            B - +0 helmet
rElec   .            (no cloak)
rCorr   .            k - +0 pair of gloves
SInv    .            (no boots)
Will    .....        (no amulet)
Stlth   ++           a - +6 ring of dexterity
HPRegen 0.29/turn    w - +6 ring of dexterity
MPRegen 0.10/turn

%: no passive effects
@: mighty
A: runic magic, artefact enchanting
a: Renounce Religion


You were on level 4 of the Dungeon.
You worshipped Okawaru.
Okawaru was noncommittal.
You visited 2 branches of the dungeon, and saw 6 of its levels.

You collected 172 gold pieces.

Inventory:

Hand Weapons
 g - a +0 mace (weapon)
 m - a +1 dagger of venom
 t - a +0 dagger of protection
Missiles
 b - 10 stones
 c - 2 poisoned darts
 u - 2 boomerangs
Armour
 f - a +0 ring mail (worn)
 k - a +0 pair of gloves (worn)
 B - a +0 helmet (worn)
Jewellery
 a - a +6 ring of dexterity (left hand)
 w - a +6 ring of dexterity (right hand)
 y - an amulet of magic regeneration
Wands
 C - a wand of digging (5)
Scrolls
 h - a scroll of immolation
 l - 2 scrolls of revelation
 r - 2 scrolls of teleportation
 v - a scroll of fog {unknown}
 x - a scroll of amnesia {unknown}
 z - a scroll of enchant weapon {unknown}
 A - a scroll of fear {unknown}
Potions
 i - a potion of invisibility {unknown}
 j - 3 potions of ambrosia
 o - a potion of resistance {unknown}
 p - 2 potions of heal wounds {unknown}
 q - a potion of might
 s - a potion of mutation {unknown}


   Skills:
 * Level 3.5 Fighting
 * Level 6.1 Maces & Flails
 + Level 0.1 Throwing
 + Level 3.9 Armour
 + Level 1.6 Dodging
 + Level 1.4 Stealth
 + Level 4.3 Evocations


You had 6 spell levels left.
You didn't know any spells.
Your spell library contained the following spells:

 Spells                   Type           Power      Damage    Failure   Level
 Freeze                   Ice            0%         1d3       38%         1
 Slow                     Hex            0%         N/A       38%         1
 Confusing Touch          Hex            0%         N/A       77%         3
 Frozen Ramparts          Ice            0%         1d1       77%         3
 Hailstorm                Conj/Ice       0%         3d5       77%         3
 Passwall                 Erth           0%         N/A       77%         3
 Vampiric Draining        Necr           0%         2d6       77%         3
 Volatile Blastmotes      Fire/Tloc      0%         2d10      77%         3
 Vhi's Electric Charge    Tloc/Air       0%         N/A       99%         4
 Bombard                  Conj/Erth      0%         9d1       100%        6


Dungeon Overview and Level Annotations

Branches:
Dungeon (5/15)             Temple (1/1) D:4

Altars:
Ashenzari
Cheibriados
Dithmenos
Fedhas
Gozag
Kikubaaqudgha
Makhleb
Okawaru
Ru
Sif Muna
Zin
The Shining One

Annotations:
D:4 seawaffle's ghost, amateur MiBe
D:5 Pikel


Innate Abilities, Weirdness & Mutations

Your spellcasting is much less encumbered by armour.
You can use scrolls of enchantment on lesser artefacts.


Message History

Seawaffle's ghost closely misses you.
You hit seawaffle's ghost.
Seawaffle's ghost is heavily damaged.
Seawaffle's ghost hits you but does no damage.
Seawaffle's ghost hits you!
* * * LOW HITPOINT WARNING * * *
There is a transporter landing site, spattered with blood here.
Seawaffle's ghost misses you.
Seawaffle's ghost says very slowly, "There's no hope."
Seawaffle's ghost closely misses you.
Seawaffle's ghost attacks as it pursues you!
Seawaffle's ghost hits you!
* * * LOW HITPOINT WARNING * * *
Seawaffle's ghost shrieks, "You will never get the ORB!"
Seawaffle's ghost attacks as it pursues you!
Seawaffle's ghost closely misses you.
There is a transporter here.
You enter the transporter and appear at another place.
Seawaffle's ghost barely misses you.
You feel better. Seawaffle's ghost hits you!
* * * LOW HITPOINT WARNING * * *
You feel better. Seawaffle's ghost hits you.
You hit seawaffle's ghost but do no damage.
Seawaffle's ghost is heavily damaged.
Seawaffle's ghost hits you.
You hit seawaffle's ghost.
Seawaffle's ghost is heavily damaged.
Seawaffle's ghost hits you.
* * * LOW HITPOINT WARNING * * *
You closely miss seawaffle's ghost.
Seawaffle's ghost is heavily damaged.
Seawaffle's ghost hits you!
* * * LOW HITPOINT WARNING * * *
You hit seawaffle's ghost.
Seawaffle's ghost is severely damaged.
Seawaffle's ghost hits you but does no damage.
It was a potion of might.
You feel very mighty all of a sudden. Seawaffle's ghost hits you!
You die...

...#.####....###########.#.......
........########.................
##.#.####......#..######.########
........#..##..#................#
.#.#.####.#..#.#..##............#
.#.#.# #.#..#.#..##...###......#
.#.#.####..##.?#©.###..#_#.......
.#.#.#.##©...)?#W..#.#.~~~######.
#.#.#.#.#..##.O#@.#.#.~≈~≈~# #.
.#.#.#.##.#..#.#...#.#~≈.≈~# #.
#.#.#.#.#O#..#.#..#.#.~≈≈≈~#####.
...#.#.##..##..#...#.#.~~~....#..
..#...#.#©.....#..#.#.#...###.#.#
.#...#.#########...#.#........#.#
#...#.#.#...#.#.#.#.#.#.......#.#
.#####.#....+#.#.#.#.#..........#
#.#.#.#.#..)#.#...#.#............


You could see an ogre and seawaffle's ghost.

Vanquished Creatures
  A black bear (D:3)
  2 ogres (D:4)
  2 phantoms (D:4)
  A bombardier beetle (D:4)
  2 hounds
  An iguana (D:4)
  5 adders
  3 dart slugs
  5 orcs (D:3)
  7 ball pythons
  6 endoplasms
  4 giant cockroaches
  11 goblins
  4 hobgoblins
  6 jackals
  6 kobolds
  3 quokkas
  2 bats (D:1)
  6 frilled lizards
  8 rats
85 creatures vanquished.

Vanquished Creatures (collateral kills)
  An adder (D:4)
  An endoplasm (D:4)
2 creatures vanquished.

Grand Total: 87 creatures vanquished

Notes
Turn   | Place    | Note
-------+----------+-------------------------------------------
     0 | D:1      | Frost42 the Mountain Dwarf Artificer began the quest for
                  | the Orb.
     0 | D:1      | Reached XP level 1. HP: 16/16 MP: 1/1
   102 | D:1      | Reached XP level 2. HP: 7/23 MP: 2/2
   389 | D:1      | Found a faded altar of an unknown god.
   562 | D:1      | Reached skill level 1 in Maces & Flails
   562 | D:1      | Reached XP level 3. HP: 28/28 MP: 3/3
  1378 | D:2      | Found a glowing silver altar of Zin.
  1424 | D:2      | Reached skill level 1 in Stealth
  1621 | D:2      | Reached skill level 2 in Maces & Flails
  1661 | D:2      | Reached XP level 4. HP: 30/36 MP: 4/4
  2461 | D:3      | Found a shadowy altar of Dithmenos.
  2520 | D:3      | Reached skill level 3 in Maces & Flails
  2520 | D:3      | Reached skill level 1 in Dodging
  2646 | D:3      | Reached XP level 5. HP: 41/41 MP: 5/5
  2781 | D:3      | Noticed a black bear
  2784 | D:3      | Killed a black bear
  2785 | D:3      | Reached skill level 4 in Maces & Flails
  3097 | D:4      | Noticed a phantom
  3120 | D:4      | Killed a phantom
  3121 | D:4      | Reached XP level 6. HP: 31/50 MP: 6/6
  3354 | D:4      | Noticed seawaffle's ghost (amateur MiBe)
  3355 | D:4      | Found a transporter.
  3356 | D:4      | Found a snail-covered altar of Cheibriados.
  3498 | D:4      | Reached skill level 5 in Maces & Flails
  3504 | D:4      | Reached XP level 7. HP: 16/57 MP: 7/7
  4007 | D:4      | Found a staircase to the Ecumenical Temple.
  4696 | Temple   | Entered the Ecumenical Temple
  4816 | Temple   | Became a worshipper of Warmaster Okawaru
  4847 | D:5      | Entered Level 5 of the Dungeon
  4898 | D:5      | Noticed Pikel
  4928 | D:4      | Found a transporter.
  4969 | D:4      | Reached skill level 6 in Maces & Flails
  4996 | D:4      | Slain by seawaffle's ghost

Illustrated notes

Levels and vault maps discovered:
D:1:      eino_arrival_cavern_d, layout_basic, shapermc_ecumenical_altar_gd
D:2:      minmay_inner_zag, layout_loops_ring, basic_altar
D:3:      layout_rooms, nicolae_dithmenos_shadow_blocks
D:4:      layout_basic, kennysheep_slug_shrine, minmay_temple_entry_trees,
          gammafunk_ghost_smash, hangedman_abyss_or_decor_slice
D:5:      layout_basic, mainiacjoe_overflow_alcove_4, kennysheep_minor_cross,
          uniq_pikel
Temple:   zaba_magenta_temple

Skill      XL: |  1  2  3  4  5  6  7 |
---------------+----------------------+-----
Evocations     | 4 |  4.3
Maces & Flails | 1 2 3 4 5 6 |  6.1
Stealth        | 1 |  1.4
Fighting       | 2 3 |  3.5
Dodging        | 1 |  1.6
Armour         | 3 |  3.9
Throwing       | |  0.1

Action                     |  1- 3 |  4- 6 |  7- 9 || total
---------------------------+-------+-------+-------++-------
  Melee: Club              |    33 |       |       ||    33
         Mace              |   112 |   145 |    38 ||   295
  Throw: Stone             |       |     2 |     1 ||     3
         Boomerang         |       |     1 |       ||     1
  Evoke: Wand              |    10 |     8 |     4 ||    22
    Use: Scroll            |     1 |     5 |       ||     6
         Potion            |       |     1 |     3 ||     4
   Stab: Sleeping          |     5 |       |     1 ||     6
 Armour: Leather armour    |   149 |    32 |       ||   181
         Ring mail         |       |    72 |    38 ||   110
  Dodge: Dodged            |   122 |    94 |    27 ||   243

Table legend: (Time is in decaauts)
 A = Elapsed time spent in this place.
 B = Non-inter-level travel time spent in this place.
 C = Inter-level travel time spent in this place.
 D = Time resting spent in this place.
 E = Time spent auto-exploring this place.
 F = Levels seen in this place.
 G = Mean time per level.
                   A        B        C        D        E       F      G
               +--------+--------+--------+--------+--------+-----+--------+
         Total |   5085 |   4326 |    759 |    513 |   1201 |   6 |  847.5 |
       Dungeon |   4944 |   4185 |    759 |    513 |   1201 |   5 |  988.8 |
        Temple |    140 |    140 |      0 |      0 |      0 |   1 |  140.0 |
               +--------+--------+--------+--------+--------+-----+--------+

Top non-repeatable levels by time:
     D:4: 1787 daAuts
     D:1: 1266 daAuts
     D:2: 1091 daAuts
     D:3: 791 daAuts
  Temple: 140 daAuts
     D:5: 7 daAuts
